 Dungeon Crawl Stone Soup version 0.29-a0-322-g68df515428 (webtiles) character file.

Game seed: 8566747749431274378

15053 Leszczynek the Cleaver (level 12, -2/100 HPs)
             Began as a Human Gladiator on Apr 9, 2022.
             Was a Priest of Trog.
             Slain by an orc knight
             ... wielding a +2 great sword
              (20 damage)
             ... on level 2 of the Orcish Mines.
             The game lasted 00:40:06 (4902 turns).

Leszczynek the Cleaver (Human Gladiator)            Turns: 4902, Time: 00:40:07

Health: -2/100     AC:  9    Str: 19    XL:     12   Next: 52%
Magic:  12/12      EV: 18    Int: 10    God:    Trog [***...]
Gold:   122        SH:  0    Dex: 20    Spells: 11/11 levels left

rFire   . . .      SeeInvis +   a - +1 broad axe (venom)
rCold   . . .      Faith    .   (no shield)
rNeg    . . .      Spirit   .   v - +0 leather armour of Kalaitu {Will+ Regen+}
rPois   .          Reflect  .   H - +2 helmet {SInv}
rElec   .          Harm     .   s - +0 cloak
rCorr   .          Rampage  .   (no gloves)
Will    +....                   F - +1 pair of boots
Stlth   +.........              (no amulet)
HPRegen 1.06/turn               b - +6 ring of dexterity
MPRegen 0.13/turn               (no ring)

@: lethally poisoned (-2 -> -2), about to teleport, on berserk cooldown, slowed,
very slow
A: no striking features
a: Renounce Religion, Berserk, Trog's Hand


You were on level 2 of the Orcish Mines.
You worshipped Trog.
Trog was most pleased with you.
You visited 3 branches of the dungeon, and saw 14 of its levels.

You collected 843 gold pieces.
You spent 721 gold pieces at shops.

Inventory:

Hand Weapons
 a - a +1 broad axe of venom (weapon)
 e - a +1 dire flail of freezing
 f - a +0 long sword
 x - a +2 flail of holy wrath
 J - a +2 war axe
Missiles
 n - 5 atropa-tipped darts
 q - 12 poisoned darts
 r - a javelin
 B - 13 boomerangs
Armour
 s - a +0 cloak (worn)
 v - the +0 leather armour of Kalaitu (worn) {Will+ Regen+}
   (You found it on level 3 of the Dungeon)

   Regen:     It increases your rate of health regeneration.
   Will:      It increases your willpower.
 w - the +2 scale mail of Fedhas, Piercing {rPois Dex+4}
   (You found it on level 4 of the Dungeon)

   Dex:       It affects your dexterity (+4).
   rPois:     It protects you from poison.
 D - a +0 ring mail of poison resistance
 F - a +1 pair of boots (worn)
 H - a +2 helmet of see invisible (worn)
 I - a +0 troll leather armour
Jewellery
 b - a +6 ring of dexterity (left hand)
Wands
 d - a wand of paralysis (5)
 y - a wand of charming (18)
 G - a wand of mindburst (2) (quivered)
Scrolls
 i - 2 scrolls of fog
 o - 2 scrolls of immolation {!r}
 u - 2 scrolls of teleportation
 A - a scroll of torment {!r}
Potions
 g - a potion of lignification {unknown}
 h - a potion of attraction
 j - 2 potions of curing {@q1}
 k - 3 potions of brilliance
 l - a potion of magic {unknown}
 m - a potion of ambrosia {unknown}
 p - 2 potions of flight
 z - 3 potions of degeneration {unknown}
 C - a potion of haste {unknown}
 E - a potion of heal wounds {@q2}


   Skills:
 + Level 11.3 Fighting
 * Level 12.3 Axes
 - Level 4.0 Throwing
 + Level 9.0 Dodging
 - Level 6.0 Evocations


You had 11 spell levels left.
You didn't know any spells.
Your spell library contained the following spells:

 Spells                   Type           Power      Damage    Failure   Level
 Sandblast                Erth           0%         2d4       41%         1
 Passwall                 Tmut/Erth      0%         N/A       56%         2
 Sublimation of Blood     Necr           0%         N/A       56%         2
 Stone Arrow              Conj/Erth      0%         3d7       80%         3
 Petrify                  Tmut/Erth      0%         N/A       99%         4
 Irradiate                Conj/Tmut      0%         3d13      100%        5


Dungeon Overview and Level Annotations

Branches:
Dungeon (11/15)            Temple (1/1) D:7             Orc (2/2) D:10
   Lair: D:8-11         Elf: Orc:2

Altars:
Ashenzari
Dithmenos
Fedhas
Gozag
Kikubaaqudgha
Makhleb
Nemelex Xobeh
Qazlal
Ru
Sif Muna
Trog
Uskayaw
Wu Jian
Xom
Yredelemnul
Zin
Beogh

Shops:
D:3 ?   Orc:2 =**


Message History

The orc warrior is lightly wounded.
You closely miss the orc knight. You barely miss the orc high priest.
You feel sick. The orc warrior misses you.
The orc knight completely misses you.
The orc high priest mumbles some strange prayers to Beogh.
You completely miss the orc warrior.
The orc warrior is lightly wounded.
You barely miss the orc high priest. You barely miss the orc knight.
You are no longer berserk.
You are exhausted.
You feel yourself slow down.
You feel sick.
You barely miss the orc warrior.
The orc warrior is lightly wounded.
You hit the orc knight but do no damage.
The orc knight looks as sick as possible!
You hit the orc high priest.
The orc high priest looks as sick as possible!
You feel sick. The orc high priest barely misses you.
The orc warrior closely misses you. The orc knight barely misses you.
The orc high priest mumbles some strange prayers to Beogh against you.
Beogh smites you! The orc knight completely misses you.
Unknown command.
As you read the scroll of teleportation, it crumbles to dust.
You feel strangely unstable.
You feel sick.
The orc warrior no longer looks unusually strong.
The orc high priest closely misses you. The orc knight misses you.
The demonspawn hits you! The demonspawn claws you!
* * * LOW HITPOINT WARNING * * *
The demonspawn gores you but does no damage.
Unknown command.
Unknown command.
You feel much better.
You feel sick.
The orc knight no longer looks unusually strong.
The orc high priest completely misses you.
The demonspawn misses you. The demonspawn closely misses you. x2
The orc knight hits you with a +2 great sword!!
* * * LOW HITPOINT WARNING * * *
The orc high priest barely misses you.
The orc knight hits you with a +2 great sword!!
You die...

#.........)...###.###..##
###............###...###..##
##.............###.#)#.###..##
#............####...#...###..##
##..##........###...###)..###..#
##....#...#...###...##
##...###.. #......#.#...###...##
##....... #...#.####..###)))##
##)..#.. ##..### #####.#@##
##....# #... #..oo6o.# ##.)..
##.## #.....#.## ##..# ###
##.......# ##..). ##.#.# ..#
##....# ##...##..# ##...#))
#...##...##...))..
##..o##.##..)###[)
#..o###...###[.#


You could see a demonspawn, an orc knight (very poisoned), an orc high priest
(strong, very poisoned) and an orc warrior.

Vanquished Creatures
  An ettin (Orc:1)
  2 two-headed ogres
  4 orc high priests (Orc:2)
  A sun demon (Orc:2)
  3 orc knights (Orc:2)
  2 orc sorcerers (Orc:2)
  2 trolls
  An ice devil (Orc:2)
  A red devil (Orc:2)
  4 yaks
  A wyvern (D:8)
  A ynoxinul (Orc:2)
  Grum (D:8)
  2 wargs (Orc:1)
  A sky beast (D:3)
  22 orc warriors
  A black bear (D:6)
  3 ogres (Orc:2)
  2 centaurs
  4 wolves (D:8)
  A phantom (D:6)
  A boggart (D:10)
  A kobold brigand (D:9)
  A bullfrog (D:7)
  A necrophage (D:7)
  A scorpion (D:5)
  13 wights
  3 killer bees (D:7)
  A howler monkey (D:5)
  3 jellies
  3 hounds
  12 orc priests
  4 iguanas
  14 orc wizards
  A mummy (D:6)
  3 gnolls (D:3)
  6 adders
  A shadow imp (D:7)
  An ufetubus (D:7)
  3 dart slugs
  54 orcs
  2 bats
  3 endoplasms
  3 giant cockroaches
  2 goblins
  3 hobgoblins
  2 quokkas
  6 ball pythons
  2 frilled lizards
  A hobgoblin zombie (D:6)
  12 kobolds
  2 kobold zombies (D:6)
  An orc zombie (D:6)
  2 rats (D:2)
228 creatures vanquished.

Vanquished Creatures (collateral kills)
  An orc sorcerer (Orc:2)
  3 orc warriors (Orc:2)
  An orc priest (Orc:2)
  3 orcs (Orc:2)
8 creatures vanquished.

Vanquished Creatures (others)
  An orc warrior (Orc:2)
1 creature vanquished.

Grand Total: 237 creatures vanquished

Notes
Turn   | Place    | Note
-------+----------+-------------------------------------------
     0 | D:1      | Leszczynek the Human Gladiator began the quest for the Orb.
     0 | D:1      | Reached XP level 1. HP: 16/16 MP: 1/1
   166 | D:2      | Reached XP level 2. HP: 18/22 MP: 2/2
   382 | D:3      | Found a faded altar of an unknown god.
   391 | D:3      | Prayed at the altar of an unknown god.
   391 | D:3      | Became a worshipper of Trog the Wrathful
   391 | D:3      | Reached * piety under Trog
   405 | D:2      | Reached XP level 3. HP: 28/28 MP: 3/3
   590 | D:3      | Reached XP level 4. HP: 20/34 MP: 4/4
   690 | D:3      | Found a glowing silver altar of Zin.
   690 | D:3      | Found an ornate altar of the Wu Jian Council.
   766 | D:3      | Found Qoschuom's Magic Scroll Shop.
   776 | D:3      | Reached skill level 3 in Fighting
   784 | D:3      | Bought a scroll of fear for 35 gold pieces
   784 | D:3      | Bought a scroll of teleportation for 30 gold pieces
   808 | D:3      | Identified the +0 leather armour of Kalaitu {Will+ Regen+}
   947 | D:3      | Noticed a sky beast
   971 | D:3      | Killed a sky beast
   972 | D:3      | Reached skill level 4 in Axes
   972 | D:3      | Reached XP level 5. HP: 41/41 MP: 5/5
  1131 | D:3      | Reached XP level 6. HP: 42/48 MP: 6/6
  1174 | D:4      | Identified the +2 scale mail of Fedhas, Piercing {rPois
                  | Dex+4}
  1224 | D:4      | Reached skill level 3 in Throwing
  1268 | D:4      | Reached skill level 4 in Fighting
  1336 | D:4      | Reached ** piety under Trog
  1348 | D:4      | Reached skill level 4 in Dodging
  1419 | D:5      | Entered Level 5 of the Dungeon
  1526 | D:5      | Reached XP level 7. HP: 54/54 MP: 7/7
  1545 | D:5      | Reached skill level 5 in Axes
  1730 | D:5      | Reached skill level 5 in Fighting
  1843 | D:6      | Reached XP level 8. HP: 56/62 MP: 8/8
  1936 | D:6      | HP: 6/62 [acid (8)]
  1938 | D:6      | 13 ev doesn't do anything
  1938 | D:6      | it hits every time :)
  1955 | D:6      | Reached skill level 4 in Throwing
  2042 | D:7      | Reached skill level 6 in Axes
  2087 | D:7      | Reached skill level 1 in Evocations
  2127 | D:7      | Found a blossoming altar of Fedhas.
  2172 | D:6      | Reached skill level 6 in Fighting
  2172 | D:6      | Reached skill level 5 in Dodging
  2249 | D:7      | Found a broken altar of Ashenzari.
  2461 | D:7      | Found a staircase to the Ecumenical Temple.
  2476 | Temple   | Entered the Ecumenical Temple
  2666 | D:7      | Reached XP level 9. HP: 70/70 MP: 9/9
  2670 | D:7      | Reached skill level 2 in Evocations
  2711 | D:8      | Reached skill level 7 in Axes
  2833 | D:8      | Noticed Grum
  2846 | D:8      | Reached skill level 7 in Fighting
  2869 | D:8      | Found an ancient bone altar of Kikubaaqudgha.
  2894 | D:8      | Reached skill level 3 in Evocations
  2952 | D:8      | Killed Grum
  3153 | D:9      | Reached skill level 8 in Axes
  3153 | D:9      | Reached skill level 6 in Dodging
  3235 | D:9      | Reached XP level 10. HP: 67/77 MP: 10/10
  3267 | D:9      | Reached skill level 8 in Fighting
  3284 | D:10     | Entered Level 10 of the Dungeon
  3310 | D:10     | Noticed a two-headed ogre
  3325 | D:10     | Killed a two-headed ogre
  3326 | D:10     | Reached skill level 4 in Evocations
  3357 | D:11     | Noticed a two-headed ogre
  3363 | D:11     | Killed a two-headed ogre
  3364 | D:11     | Reached skill level 9 in Axes
  3485 | D:10     | Reached skill level 9 in Fighting
  3508 | D:10     | Found a staircase to the Orcish Mines.
  3515 | D:10     | Reached *** piety under Trog
  3601 | D:10     | Reached skill level 7 in Dodging
  3601 | D:10     | Reached skill level 5 in Evocations
  3610 | D:10     | Reached XP level 11. HP: 69/89 MP: 11/11
  3650 | Orc:1    | Entered Level 1 of the Orcish Mines
  3723 | Orc:1    | Noticed an ettin
  3738 | Orc:1    | Killed an ettin
  3745 | Orc:1    | Reached skill level 10 in Axes
  3810 | Orc:2    | Entered Level 2 of the Orcish Mines
  3912 | Orc:1    | Reached skill level 10 in Fighting
  4004 | Orc:2    | Found Qengiem's Jewellery Shop.
  4188 | Orc:2    | Noticed an orc knight
  4211 | Orc:2    | Killed an orc knight
  4272 | Orc:2    | Found Urphedghaa's General Store.
  4274 | Orc:2    | Found Joogheg's General Store.
  4301 | Orc:2    | HP: 22/136 [ice devil (12)]
  4306 | Orc:2    | HP: 18/138 [orc warrior/+0 long sword (8)]
  4387 | Orc:2    | Reached skill level 6 in Evocations
  4408 | Orc:2    | Bought a potion of heal wounds for 55 gold pieces
  4408 | Orc:2    | Bought a scroll of teleportation for 33 gold pieces
  4408 | Orc:2    | Bought a +2 helmet of see invisible for 236 gold pieces
  4408 | Orc:2    | Bought a scroll of brand weapon for 220 gold pieces
  4422 | Orc:2    | Bought a scroll of enchant weapon for 112 gold pieces
  4431 | Orc:2    | Reached **** piety under Trog
  4536 | Orc:2    | Noticed a sun demon
  4536 | Orc:2    | Noticed an orc high priest
  4536 | Orc:2    | Noticed an orc high priest
  4545 | Orc:2    | Killed a sun demon
  4546 | Orc:2    | Reached skill level 8 in Dodging
  4551 | Orc:2    | Killed an orc high priest
  4552 | Orc:2    | Reached skill level 11 in Axes
  4552 | Orc:2    | Noticed an orc sorcerer
  4552 | Orc:2    | Noticed an orc knight
  4552 | Orc:2    | Noticed an orc sorcerer
  4552 | Orc:2    | Noticed an orc high priest
  4561 | Orc:2    | Killed an orc high priest
  4562 | Orc:2    | Reached XP level 12. HP: 99/99 MP: 12/12
  4771 | Orc:2    | Killed an orc high priest
  4772 | Orc:2    | Reached skill level 11 in Fighting
  4829 | Orc:2    | Noticed an orc high priest
  4842 | Orc:2    | Killed an orc high priest
  4843 | Orc:2    | Reached skill level 12 in Axes
  4882 | Orc:2    | Noticed an orc high priest
  4894 | Orc:2    | Noticed a demonspawn
  4898 | Orc:2    | Reached skill level 9 in Dodging
  4899 | Orc:2    | Noticed a sun demon
  4901 | Orc:2    | HP: 20/100 [demonspawn (7)]
  4902 | Orc:2    | Slain by an orc knight

Illustrated notes

...............)..# #.....#..
#...###.##.##..#.# #####.###
#.. #.##.##..#.# #.#..
##...###.##.##..#.# ##.#..
/..^.....##.#.#.#.######..##.
##.....†.....###...†.........
#....#####.## ##.<.......#..
#.... #J.###.########....
#... #.@.#..########.##.
#...........#....##.........
##. .######....#...<###.#.#.
#. ####...####...#... ##.##
#..#####. #.# #....#... #..
... #.#.## ####### ...##
##.##.


Turn 1938 on D:6: 13 ev doesn't do anything

Levels and vault maps discovered:
D:1:      dpeg_arrival_orchard, layout_basic, kennysheep_another_room
D:2:      layout_rooms, hangedman_decor_push
D:3:      layout_loops_ring, cheibrodos_worm_habitat,
          nicolae_overflow_hidden_temple, gammafunk_temple_overflow_elements,
          hellmonk_ecumenical_altar_crossroads, serial_co_window_serial,
          co_window_paths_a, co_window_corner_a, co_window_paths_a,
          co_window_corner_a, co_window_of_opportunity_a, co_window_broadway_b,
          co_window_unsneaky_path_a, co_window_paths_c, co_window_cross_3,
          co_window_unsneaky_path_a, co_window_corner_ca, co_window_paths_c,
          glass_columns_b, glass_columns_a, glass_columns_c, serial_shops, shop,
          nicolae_shop_competitors_out_of_business, shop,
          nicolae_shop_hallway_stairs
D:4:      minmay_octagon_keep, layout_basic, lightli_temple_of_fire
D:5:      layout_gridville, nicolae_tso_carved_into_rock, serial_shops, shop,
          nicolae_inconvenience_store
D:6:      layout_loops_ring, minmay_mini_ossuary
D:7:      layout_basic, ashenzari_conservatory_becter, fedhas_altar_4,
          minmay_temple_entry_mist, serial_shops, nicolae_lakefront_shop,
          nicolae_fountain_basement
D:8:      layout_basic, lemuel_round_altar, uniq_grum
D:9:      layout_stronghold, overflow_temple_1_default, elyvilon_altar_1
D:10:     layout_irregular_city, mainiacjoe_overflow_tiny_flanked,
          lair_entry_dummy, erik_orc_4, uniq_maurice
D:11:     layout_layer_cave
Temple:   eino_wide_crystal_templ
Orc:1:    emtedronai_trogs_sanctum, layout_caves, basic_altar
Orc:2:    pf_orc_diabolical, layout_diamond_mine,
          minmay_shop_enchanted_jewellery

Skill      XL: |  1  2  3  4  5  6  7  8  9 10 11 12 |
---------------+-------------------------------------+-----
Fighting       | 3 4 5 6 7 9 10 11 | 11.3
Axes           | 4 5 6 8 9 11 12 | 12.3
Throwing       | 3 4 |  4.0
Dodging        | 4 5 6 7 8 9 |  9.0
Evocations     | 1 3 5 6 |  6.0

Action                   |  1- 3 |  4- 6 |  7- 9 | 10-12 || total
-------------------------+-------+-------+-------+-------++-------
Melee: War axe           |    46 |   141 |   173 |   211 ||   571
       Punch             |       |     1 |     2 |     1 ||     4
       Flail             |       |       |    40 |     3 ||    43
       Broad axe         |       |       |       |    98 ||    98
Throw: Throwing net      |     1 |     2 |     3 |       ||     6
       Dart              |       |     4 |     5 |     1 ||    10
       Javelin           |       |     1 |     1 |     1 ||     3
       Boomerang         |       |       |       |    23 ||    23
Invok: Berserk           |     2 |     4 |    11 |    18 ||    35
       Trog's Hand       |       |       |       |     1 ||     1
       Brothers in Arms  |       |       |       |     1 ||     1
Evoke: Wand              |       |       |     3 |    12 ||    15
  Use: Potion            |       |       |     9 |     1 ||    10
       Scroll            |       |       |     1 |    10 ||    11
 Stab: Invisible         |       |     1 |       |       ||     1
       Held in net/web   |       |       |     1 |       ||     1
       Sleeping          |       |       |     1 |       ||     1
       Paralysed         |       |       |     4 |     3 ||     7
Armor: Ring mail         |    21 |    13 |       |       ||    34
       Leather armour    |       |    29 |    59 |    49 ||   137
Dodge: Dodged            |    36 |   100 |   161 |   205 ||   502

Table legend: (Time is in decaauts)
 A = Elapsed time spent in this place.
 B = Non-inter-level travel time spent in this place.
 C = Inter-level travel time spent in this place.
 D = Time resting spent in this place.
 E = Time spent auto-exploring this place.
 F = Levels seen in this place.
 G = Mean time per level.
                   A        B        C        D        E       F      G
               +--------+--------+--------+--------+--------+-----+--------+
         Total |   5320 |   5059 |    261 |    196 |      0 |  14 |  380.0 |
       Dungeon |   3941 |   3700 |    241 |    164 |      0 |  11 |  358.3 |
        Temple |     63 |     43 |     20 |      0 |      0 |   1 |   63.0 |
  Orcish Mines |   1315 |   1315 |      0 |     32 |      0 |   2 |  657.5 |
               +--------+--------+--------+--------+--------+-----+--------+

Top non-repeatable levels by time:
   Orc:2: 1063 daAuts
     D:3: 864 daAuts
     D:7: 558 daAuts
     D:6: 407 daAuts
     D:9: 394 daAuts
    D:10: 387 daAuts
     D:5: 336 daAuts
     D:8: 310 daAuts
     D:4: 290 daAuts
   Orc:1: 252 daAuts
     D:2: 185 daAuts
     D:1: 175 daAuts
  Temple: 63 daAuts
    D:11: 31 daAuts
